 Dungeon Crawl Stone Soup version 0.23-a0-103-ge8f8661 (webtiles) character file.

88 topirishpotato the Shield-Bearer (level 4, -2/42 HPs)
             Began as a Deep Dwarf Fighter on Aug 19, 2018.
             Slain by an orc wizard
             ... wielding a +2 dagger of electrocution
              (14 damage)
             ... on level 3 of the Dungeon.
             The game lasted 00:03:34 (1493 turns).

topirishpotato the Shield-Bearer (DDFi)             Turns: 1493, Time: 00:03:34

Health: -2/42      AC: 11    Str: 20    XL:     4   Next: 29%
Magic:  4/4        EV:  5    Int:  9    God:
Gold:   132        SH:  9    Dex: 12    Spells: 3/3 levels left

rFire    . . .     SeeInvis .   a - +1 war axe
rCold    . . .     Gourm    .   c - +0 shield
rNeg     . . .     Faith    .   t - +0 chain mail
rPois    .         Spirit   .   o - +1 helmet
rElec    .         Reflect  .   (no cloak)
rCorr    .         Harm     .   (no gloves)
MR       .....                  (no boots)
Stlth    ..........             (no amulet)
HPRegen  0.00/turn              (no ring)
MPRegen  0.09/turn              (no ring)

@: non-regenerating
A: damage resistance, heal wounds, sense surroundings 1, no regeneration
a: Heal Wounds


You were on level 3 of the Dungeon.
You were not hungry.

You visited 1 branch of the dungeon, and saw 3 of its levels.

You collected 132 gold pieces.

Inventory:

Hand Weapons
 a - a +1 war axe (weapon)
Armour
 c - a +0 shield (worn)
 o - a +1 helmet (worn)
 t - a +0 chain mail (worn)
Scrolls
 h - a scroll of teleportation
 l - a scroll of magic mapping
Potions
 d - 3 potions of might
 e - a potion of magic
 i - a potion of curing
 p - a potion of cancellation {unknown}
 r - a potion of invisibility {unknown}
 s - a potion of berserk rage {unknown}
Comestibles
 f - 6 rations


   Skills:
 + Level 3.1 Fighting
 * Level 3.6 Axes
 + Level 3.6 Armour
 * Level 4.1 Shields


You had 3 spell levels left.
You didn't know any spells.
Your spell library was empty.

Dungeon Overview and Level Annotations

Branches:
Dungeon (3/15)

Altars:


Innate Abilities, Weirdness & Mutations

You are resistant to damage.
You can heal yourself by infusing magical energy.
You passively map a small area around you.
You do not regenerate.


Message History

* * * LOW HITPOINT WARNING * * *
You slash the orc!
You kill the orc!
You closely miss the orc.
You hear some strange, mumbled words.
A puff of flame appears from out of thin air!
The puff of flame hits you! The orc barely misses you.
You hit the orc.
The orc is severely wounded.
You miss something. Something hits you but does no damage.
The orc hits you but does no damage. Something hits you but does no damage.
You barely miss the orc.
The orc is severely wounded.
You closely miss something. Something hits you but does no damage.
The orc hits you but does no damage. The orc barely misses you.
You slash the orc!
You kill the orc!
You miss something.
Something hits you but does no damage. x2
You are electrocuted!
You die...

#.#####.# ###########*******
##.#####.#####..........,,,,,,*
.................>......,,,,*,*
##..####.#####.##########**,*,*
##..####.# #....(......,,,,,*
##.......########[.#######*,*****
.....#####........(.......,,,,,,,
......#,,+...........#####*,*****
.##...#,*#.....)@....# *,* *
......#,*#.....){)...# *,* *
......#,*#...........# *,* *
###...#,*#...........# *,* *
###...#,*#...........# *,* *
.....<#,*#...........#*****,* *
###...#,*#............,,,,,,* *
......#,*#########.####**********
###.#.#,** *,,,>,,,,,,,,,**


There were no monsters in sight!

Vanquished Creatures
  An adder (D:2)
  4 oozes
  A worm (D:2)
  2 dart slugs (D:1)
  2 leopard geckos
  3 orcs (D:3)
  6 bats
  A giant cockroach (D:1)
  6 goblins
  3 hobgoblins
  A quokka (D:2)
  A ball python (D:2)
  3 frilled lizards
  9 kobolds
  11 rats
54 creatures vanquished.

Vanquished Creatures (others)
  A frilled lizard (D:2)
1 creature vanquished.

Grand Total: 55 creatures vanquished

Notes
Turn   | Place    | Note
-------+----------+-------------------------------------------
     0 | D:1      | topirishpotato the Deep Dwarf Fighter began the quest for the Orb.
     0 | D:1      | Reached XP level 1. HP: 20/20 MP: 1/1
   208 | D:1      | Reached XP level 2. HP: 22/28 MP: 2/2
   751 | D:1      | Reached XP level 3. HP: 25/34 MP: 3/3
   896 | D:2      | Reached skill level 4 in Shields
  1021 | D:2      | Reached XP level 4. HP: 20/42 MP: 4/4
  1024 | D:2      | Found a faded altar of an unknown god.
  1493 | D:3      | Slain by an orc wizard

Vault maps used:
D:1:      arrival_zaba_pyramid, serial_bayou_crossing
D:2:      chequers_ecumenical_altar_simple_redux, serial_glass, glass_columns_b,
          glass_columns_b, glass_columns_b, glass_columns_a, glass_columns_c,
          glass_columns_b, glass_columns_c, glass_columns_b, glass_columns_a,
          glass_columns_a
D:3:      hangedman_ru_absence, first_ration

Skill      XL: |  1  2  3 |
---------------+----------+-----
Fighting       | 3 |  3.1
Axes           | 3 |  3.6
Shields        | 4 |  4.1
Armour         | |  3.6

Action                   |  1- 3 |  4- 6 || total
-------------------------+-------+-------++-------
Melee: War axe           |   103 |    38 ||   141
  Use: Scroll            |       |     9 ||     9
  Eat: Chunk             |       |     2 ||     2
Armor: Scale mail        |    37 |     8 ||    45
       Chain mail        |       |    22 ||    22
Dodge: Dodged            |    36 |     6 ||    42
Block: Shield            |    57 |    19 ||    76

Table legend:
 A = Non-vault XP
 B = Vault XP
 C = Vault XP percentage of total XP
 D = Non-vault monster count
 E = Vault monster count
 F = Vault count percentage of total count
                 A         B        C        D         E       F
            +---------+---------+-------+---------+---------+-------
      Total |     126 |       0 |   0.0 |      54 |       0 |   0.0
            +---------+---------+-------+---------+---------+-------
        D:1 |      44 |       0 |   0.0 |      19 |       0 |   0.0
        D:2 |      70 |       0 |   0.0 |      29 |       0 |   0.0
        D:3 |      12 |       0 |   0.0 |       6 |       0 |   0.0
            +---------+---------+-------+---------+---------+-------
